 Dungeon Crawl Stone Soup version 0.30-a0-585-g93115170b9 (webtiles) character file.

Game seed: 806450536147560653

1877 spardeous the Geomancer (level 8, -10/31 HPs)
             Began as a Felid Earth Elementalist on Jan 2, 2023.
             Shot with an arrow by a centaur warrior (17 damage)
             ... on level 8 of the Dungeon.
             The game lasted 00:18:43 (9986 turns).

spardeous the Geomancer (Felid Earth Elementalist)  Turns: 9986, Time: 00:18:43

Health: -10/31     AC:  2    Str:  4    XL:     8   Next: 91%
Magic:  3/12       EV: 20    Int: 21    God:
Gold:   460        SH:  0    Dex: 17    Spells: 7/11 levels left
                                        Lives:  0   Deaths: 2

rFire   . . .      SeeInvis +      - Unarmed
rCold   . . .      Faith    .    (shield unavailable)
rNeg    . . .      Spirit   .    (body armour unavailable)
rPois   +          Reflect  .    (helmet unavailable)
rElec   .          Harm     .    (cloak unavailable)
rCorr   .          Rampage  .    (gloves unavailable)
Will    +....                    (boots unavailable)
Stlth   ++                       o - amulet of regeneration
HPRegen 1.05/turn                b - ring of poison resistance
MPRegen 0.13/turn                (no ring)

@: flying, hasted, very quick
A: very small, claws 1, fangs 3, see invisible, speed 1, shaggy fur 2, stealthy
paws, no weapons or thrown items, no armour, multi-lived
a: no special abilities


You were on level 8 of the Dungeon.
You visited 2 branches of the dungeon, and saw 9 of its levels.

You collected 508 gold pieces.
You spent 48 gold pieces at shops.

Inventory:

Jewellery
 b - a ring of poison resistance (left paw)
 d - a ring of poison resistance
 o - an amulet of regeneration (around neck)
 A - an amulet of reflection
 E - an amulet of faith
 H - a ring of flight
Wands
 h - a wand of iceblast (8)
Scrolls
 c - 2 scrolls of immolation {unknown}
 e - 3 scrolls of poison
 f - 2 scrolls of magic mapping {unknown}
 j - a scroll of brand weapon {unknown}
 p - 2 scrolls of enchant armour {unknown}
 q - 4 scrolls of fear {unknown}
 s - 5 scrolls of teleportation {unknown}
 t - a scroll of acquirement {unknown}
 v - 2 scrolls of vulnerability {unknown}
 x - 2 scrolls of enchant weapon {unknown}
 y - a scroll of silence {unknown}
 z - a scroll of blinking {unknown}
 C - a scroll of amnesia {unknown}
 D - a scroll of torment {unknown}
 G - a scroll of noise {unknown}
 I - 4 scrolls of identify
Potions
 a - 3 potions of magic
 g - 2 potions of might
 i - a potion of berserk rage
 k - a potion of brilliance
 l - 2 potions of mutation {unknown}
 n - 2 potions of attraction
 r - a potion of degeneration
 u - a potion of flight
 w - 2 potions of curing {unknown}
 B - a potion of lignification
 F - a potion of heal wounds {unknown}
Miscellaneous
 J - a phial of floods


   Skills:
 - Level 0.1 Fighting
 + Level 6.4 Dodging
 - Level 2.6 Stealth
 - Level 2.8 Unarmed Combat
 - Level 2.0 Spellcasting
 - Level 9.5 Conjurations
 - Level 0.1 Necromancy
 - Level 1.1 Transmutations
 - Level 10.0 Earth Magic


You had 7 spell levels left.
You knew the following spells:

 Your Spells              Type           Power      Damage    Failure   Level
a - Sandblast             Erth           88%        2d18      1%          1
b - Stone Arrow           Conj/Erth      86%        3d12      1%          3

Your spell library contained the following spells:

 Spells                   Type           Power      Damage    Failure   Level
 Kiss of Death            Conj/Necr      88%        2d12      1%          1
 Magic Dart               Conj           100%       1d8       1%          1
 Searing Ray              Conj           84%        2d7       1%          2
 Passwall                 Tmut/Erth      20%        N/A       2%          2
 Apportation              Tloc           4%         N/A       14%         1
 Necrotise                Necr           8%         1d4       14%         1
 Slow                     Hex            8%         N/A       14%         1
 Summon Small Mammal      Summ           8%         N/A       14%         1
 Petrify                  Tmut/Erth      25%        N/A       14%         4
 Flame Wave               Conj/Fire      22%        2d8       21%         4
 Fulminant Prism          Conj/Hex       11%        3d8       21%         4
 Sticky Flame             Conj/Fire      22%        2d4       21%         4
 Ensorcelled Hibernation  Hex/Ice        4%         N/A       22%         2
 Vampiric Draining        Necr           2%         2d6       38%         3
 Confusing Touch          Hex            2%         N/A       41%         3
 Inner Flame              Hex/Fire       2%         N/A       41%         3
 Swiftness                Air            2%         N/A       41%         3
 Dispel Undead            Necr           2%         3d7       80%         4


Dungeon Overview and Level Annotations

Branches:
Dungeon (8/15)             Temple (1/1) D:4
   Lair: D:8-11

Altars:
Ashenzari
Cheibriados
Dithmenos
Elyvilon
Fedhas
Hepliaklqana
Kikubaaqudgha
Makhleb
Nemelex Xobeh
Okawaru
Qazlal
Ru
Sif Muna
Trog
Uskayaw
Vehumet
Wu Jian
Xom
Yredelemnul
Zin
The Shining One

Shops:
D:4 *   D:7 *


Innate Abilities, Weirdness & Mutations

You have sharp claws.
You have razor-sharp teeth.
You have supernaturally acute eyesight. (SInv)
You cover ground quickly. (Speed+)
You are covered in thick fur. (AC +2)
Your paws help you pounce on unaware monsters.
You are incapable of wielding weapons or throwing items.
You cannot wear armour.
You gain extra lives every three experience levels.


Message History

Aim: a centaur warrior, wielding a +0 shortbow (82% to hit)
The stone arrow misses the centaur warrior.
The centaur warrior shoots an arrow.
The arrow completely misses you.
Casting: Stone Arrow (safe; 1% risk of failure)
Confirm with . or Enter, or press ? or * to list all spells.
Aiming: Stone Arrow (safe; 1% risk of failure)
Press: ? - help, Shift-Dir - straight line, f/p - centaur warrior
Aim: a centaur warrior, wielding a +0 shortbow (82% to hit)
The stone arrow misses the centaur warrior.
The centaur warrior shoots an arrow.
The arrow hits you!!
Ouch! That really hurt!
The centaur warrior shoots an arrow.
The arrow closely misses you.
Casting: Stone Arrow (safe; 1% risk of failure)
Confirm with . or Enter, or press ? or * to list all spells.
Aiming: Stone Arrow (safe; 1% risk of failure)
Press: ? - help, Shift-Dir - straight line, f/p - centaur warrior
Aim: a centaur warrior, wielding a +0 shortbow (82% to hit)
The stone arrow misses the centaur warrior.
The centaur warrior shoots an arrow.
The arrow closely misses you.
You feel yourself speed up.
The centaur warrior shoots an arrow.
The arrow misses you.
The centaur warrior shoots an arrow.
The arrow hits you.
* * * LOW HITPOINT WARNING * * *
Casting: Stone Arrow (safe; 1% risk of failure)
Confirm with . or Enter, or press ? or * to list all spells.
Aiming: Stone Arrow (safe; 1% risk of failure)
Press: ? - help, Shift-Dir - straight line, f/p - centaur warrior
Aim: a centaur warrior, wielding a +0 shortbow (82% to hit)
Okay, then.
Casting: Stone Arrow (safe; 1% risk of failure)
Confirm with . or Enter, or press ? or * to list all spells.
Aiming: Stone Arrow (safe; 1% risk of failure)
Press: ? - help, Shift-Dir - straight line, f/p - centaur warrior
Aim: a centaur warrior, wielding a +0 shortbow (82% to hit)
Okay, then.
It was a potion of flight.
You feel very buoyant.
You fly up into the air.
The centaur warrior shoots an arrow.
The arrow hits you!
Ouch! That really hurt!
You die...

♣~P~.#####.###..#..###...####
........##.###......#...######
#######......##...###........#
##########.####.###...######.#
......####)######....## #.#
#####....)).)....c[..c######.####
##...###.#######.##..............
#...............)####.#####.#####
........###.###.@# #.# #)#
#..####...#.#...)# #.# #.# ##.#
#.###.#.#..# #.# #)# ...#
#.#.....#..# #.# #.# ##.#
#.#.#.###..# #)# #.#
#.####..........# #.# #.#
#......#.#.###..# #.# #.#
###.##.#)....#..# #.# #O#
#.##.###.#.#..# #.# #.#


You could see a centaur warrior.

Vanquished Creatures
  A two-headed ogre (D:8)
  A deep elf pyromancer (D:8)
  A meliai (D:8)
  2 hornets
  Grinder (D:4)
  Sigmund (D:3)
  6 yaks (D:6)
  3 water moccasins
  Duvessa (D:7)
  2 orc warriors
  2 black bears (D:6)
  A sky beast (D:7)
  An ice beast (D:6)
  An ogre (D:6)
  2 centaurs
  2 bullfrogs (D:8)
  A scorpion (D:5)
  2 necrophages
  5 wights (D:8)
  A killer bee (D:8)
  Dowan (D:7)
  A howler monkey (D:8)
  3 hounds
  An iron imp (D:5)
  2 orc priests
  A jelly (D:5)
  Crazy Yiuf (D:6)
  3 gnoll boudas
  6 orc wizards
  2 iguanas (D:6)
  7 adders
  14 gnolls
  3 shadow imps
  2 white imps
  2 ufetubi
  A worm (D:3)
  A dart slug (D:1)
  26 orcs
  6 endoplasms
  3 giant cockroaches
  10 goblins
  12 hobgoblins
  7 kobolds
  6 quokkas
  6 ball pythons
  7 bats
  A frilled lizard (D:1)
  A goblin skeleton (D:5)
  3 goblin zombies (D:5)
  4 hobgoblin zombies (D:5)
  2 kobold zombies (D:5)
  An orc skeleton (D:5)
  5 rats
188 creatures vanquished.

Vanquished Creatures (others)
  A giant cockroach (D:3)
  A plant (D:1)
2 creatures vanquished.

Grand Total: 190 creatures vanquished

Notes
Turn   | Place    | Note
-------+----------+-------------------------------------------
     0 | D:1      | spardeous the Felid Earth Elementalist began the quest for
                  | the Orb.
     0 | D:1      | Reached XP level 1. HP: 7/7 MP: 4/4
   167 | D:1      | Reached skill level 1 in Unarmed Combat
   167 | D:1      | Reached XP level 2. HP: 11/11 MP: 3/6
   310 | D:1      | You fall into a shaft and drop 1 floor!
   442 | D:2      | Reached XP level 3. HP: 14/14 MP: 4/7
   493 | D:2      | Found a faded altar of an unknown god.
   606 | D:2      | Learned a level 3 spell: Stone Arrow
   637 | D:2      | Reached skill level 3 in Earth Magic
   931 | D:1      | Reached XP level 4. HP: 18/18 MP: 0/8
  1797 | D:1      | Reached skill level 4 in Earth Magic
  2166 | D:3      | Found a sparkling altar of Nemelex Xobeh.
  2175 | D:3      | Noticed Sigmund
  2429 | D:3      | Noticed an orc warrior
  2557 | D:3      | Killed an orc warrior
  2558 | D:3      | Reached skill level 5 in Earth Magic
  2558 | D:3      | Reached XP level 5. HP: 21/21 MP: 2/9
  3015 | D:3      | Killed Sigmund
  3016 | D:3      | Reached skill level 5 in Dodging
  3016 | D:3      | Gained mutation: You are covered in thick fur. (AC +2)
                  | [Felid growth]
  3016 | D:3      | Reached XP level 6. HP: 11/24 MP: 5/10
  3438 | D:3      | Found an ancient bone altar of Kikubaaqudgha.
  3458 | D:4      | Found Xoshrits's Gadget Gallery.
  3692 | D:4      | Found a staircase to the Ecumenical Temple.
  3702 | Temple   | Entered the Ecumenical Temple
  3874 | D:4      | Noticed Grinder
  3886 | D:4      | Killed Grinder
  3887 | D:4      | Reached XP level 7. HP: 25/27 MP: 5/11
  4192 | D:5      | Entered Level 5 of the Dungeon
  4431 | D:5      | Found a glowing golden altar of the Shining One.
  4440 | D:5      | Reached skill level 6 in Earth Magic
  5230 | D:6      | Reached XP level 8. HP: 31/31 MP: 7/12
  5399 | D:6      | Reached skill level 7 in Earth Magic
  5708 | D:6      | Reached skill level 8 in Earth Magic
  5759 | D:6      | Reached skill level 9 in Earth Magic
  5808 | D:6      | Reached XP level 9. HP: 34/34 MP: 0/13
  6286 | D:6      | Reached skill level 10 in Earth Magic
  6579 | D:6      | Found a runed translucent door.
  6580 | D:6      | Noticed Crazy Yiuf
  6673 | D:6      | Killed Crazy Yiuf
  7033 | D:7      | Found Dyhuan's General Store.
  7040 | D:7      | Bought a scroll of identify for 24 gold pieces
  7040 | D:7      | Bought a scroll of identify for 24 gold pieces
  7059 | D:7      | Noticed Duvessa
  7083 | D:7      | Killed Duvessa
  7084 | D:7      | Reached skill level 5 in Conjurations
  7100 | D:7      | Noticed Dowan
  7104 | D:7      | Killed Dowan
  8397 | D:8      | Noticed a two-headed ogre
  8397 | D:8      | Noticed a deep elf pyromancer
  8568 | D:8      | Killed a two-headed ogre
  8569 | D:8      | Reached XP level 10. HP: 37/37 MP: 3/14
  8864 | D:8      | HP: 1/37 [meliai/divine providence (9)]
  8864 | D:8      | Killed from afar by a meliai
  8865 | D:8      | Reached XP level 9. HP: -10/34 MP: 2/13
  8991 | D:8      | Killed a deep elf pyromancer
  9393 | D:8      | Noticed a centaur warrior
  9399 | D:8      | Shot with an arrow by a centaur warrior
  9400 | D:8      | Reached XP level 8. HP: -1/31 MP: 7/12
  9800 | D:8      | Killed a meliai
  9986 | D:8      | Shot with an arrow by a centaur warrior

Illustrated notes

Levels and vault maps discovered:
D:1:      dpeg_arrival_pond, layout_loops_ring, serial_forest,
          infiniplex_forest_straight_3, infiniplex_forest_lined_corner,
          infiniplex_forest_end_3, infiniplex_forest_corner_1
D:2:      layout_rooms, basic_ecumenical_altar
D:3:      layout_basic, lemuel_tele_altar, nemelex_xobeh_ov_fountains_minmay,
          grunt_decor_mini_mirrors, uniq_sigmund
D:4:      layout_rooms, minmay_temple_entry_junction, grunt_ministairs_13,
          nicolae_shop_gadgets, uniq_grinder
D:5:      layout_loops_ring, nicolae_tso_besieged_by_evil
D:6:      layout_basic, kennysheep_flooded_box, grunt_ministairs_9,
          uniq_crazy_yiuf_cottage
D:7:      layout_loops_ring, serial_shops, nicolae_shop_stone,
          amethyst_killhole, uniq_duvessa
D:8:      minmay_slanted_spiral_squares, layout_loops_ring,
          minmay_misc_feat_pillars, minmay_misc_feat_roman, serial_park_tiny_2,
          kennysheep_pointless_box, serial_bayou_pond_e
Temple:   dpeg_three_leaves_temple

Skill      XL: |  1  2  3  4  5  6  7  8  9 |
---------------+----------------------------+-----
Unarmed Combat | 1 2 |  2.8
Earth Magic    | 3 5 6 9 10 | 10.0
Dodging        | 5 6 |  6.4
Conjurations   | 2 3 9 |  9.5
Fighting       | |  0.1
Stealth        | |  2.6
Spellcasting   | |  2.0
Necromancy     | |  0.1
Transmutations | |  1.1

Action                   |  1- 3 |  4- 6 |  7- 9 | 10-12 || total
-------------------------+-------+-------+-------+-------++-------
Melee: Unarmed           |     2 |    24 |       |       ||    26
       Bite              |     2 |     4 |       |       ||     6
 Cast: Sandblast         |    50 |    87 |   165 |     5 ||   307
       Stone Arrow       |       |       |    53 |    11 ||    64
  Use: Scroll            |       |       |     9 |       ||     9
       Potion            |       |       |     2 |     1 ||     3
Armor: Skin              |       |     2 |     3 |       ||     5
Dodge: Dodged            |    11 |    29 |    75 |     8 ||   123

Table legend: (Time is in decaauts)
 A = Elapsed time spent in this place.
 B = Non-inter-level travel time spent in this place.
 C = Inter-level travel time spent in this place.
 D = Time resting spent in this place.
 E = Time spent auto-exploring this place.
 F = Levels seen in this place.
 G = Mean time per level.
                   A        B        C        D        E       F      G
               +--------+--------+--------+--------+--------+-----+--------+
         Total |   8921 |   8408 |    513 |    541 |   6275 |   9 |  991.2 |
       Dungeon |   8861 |   8348 |    513 |    541 |   6246 |   8 | 1107.6 |
        Temple |     60 |     60 |      0 |      0 |     29 |   1 |   60.0 |
               +--------+--------+--------+--------+--------+-----+--------+

Top non-repeatable levels by time:
     D:8: 1653 daAuts
     D:6: 1609 daAuts
     D:7: 1165 daAuts
     D:1: 1116 daAuts
     D:3: 1099 daAuts
     D:2: 821 daAuts
     D:5: 814 daAuts
     D:4: 580 daAuts
  Temple: 60 daAuts
